 Dungeon Crawl Stone Soup version 0.21.1-1-g345015fe64 (webtiles) character file.

3086 Oravi the Transmogrifier (level 9, 0/62 HPs)
             Began as a Merfolk Transmuter on Apr 12, 2018.
             Was a Priest of Qazlal.
             Slain by an ice beast (9 damage)
             ... on level 6 of the Dungeon.
             The game lasted 00:29:06 (8229 turns).

Oravi the Transmogrifier (Merfolk Transmuter)       Turns: 8229, Time: 00:29:11

Health: 0/62       AC:  2    Str: 19    XL:     9   Next: 89%
Magic:  11/12      EV: 26    Int: 15    God:    Qazlal [***...]
Gold:   267        SH:  4    Dex: 19    Spells: 7/12 levels left

rFire    . . .     SeeInvis .     - Unarmed
rCold    . . .     Gourm    .   (shield currently unavailable)
rNeg     . . .     Faith    .   (armour currently unavailable)
rPois    x         Spirit   .   (helmet currently unavailable)
rElec    .         Reflect  .   (cloak currently unavailable)
rCorr    +         Harm     .   (gloves currently unavailable)
MR       .....                  (boots currently unavailable)
Stlth    +.........             (no amulet)
HPRegen  0.20/turn              j - +3 ring of strength
MPRegen  0.13/turn              m - ring of resist corrosion

@: mighty, lethally poisoned (0 -> -15), spider-form (expiring), drained
A: tiny, (change form in water), (swift swim), (stealthy swim)
a: End Transformation, Upheaval, Elemental Force, Renounce Religion


You were on level 6 of the Dungeon.
You worshipped Qazlal.
Qazlal was most pleased with you.
You were not hungry.
You were a venomous arachnid creature.
You visited 2 branches of the dungeon, and saw 8 of its levels.
You also visited: Sewer.

You collected 267 gold pieces.

Inventory:

Missiles
 a - 82 arrows
Armour
 f - a +1 cloak (melded)
 q - a +2 robe of positive energy (melded)
 r - a +1 hat (melded)
Jewellery
 j - a +3 ring of strength (left front leg)
 m - a ring of resist corrosion (right front leg)
 s - an uncursed ring of protection from fire
Wands
 k - a wand of acid (12)
 t - a wand of digging (10)
 u - a wand of iceblast (8)
Scrolls
 g - a scroll of fog
 h - 2 scrolls of fear
 i - 6 scrolls of remove curse
 y - a scroll of teleportation
Potions
 e - 2 potions of magic
 l - 2 potions of brilliance
 n - 2 potions of berserk rage
 o - 2 potions of lignification
 p - a potion of agility
 A - a potion of haste
Books
 c - a book of Changes

   Spells                             Type                      Level
   a - Beastly Appendage              Transmutation                1
   b - Sticks to Snakes               Transmutation                2
   c - Spider Form                    Transmutation/Poison         3
   d - Ice Form                       Ice/Transmutation            4
   e - Blade Hands                    Transmutation                5
 B - a Young Poisoner's Handbook

   Spells                             Type                      Level
   a - Sting                          Conjuration/Poison           1
   b - Poisonous Vapours              Poison/Air                   2
   c - Mephitic Cloud                 Conjuration/Poison/Air       3
   d - Olgreb's Toxic Radiance        Poison                       4
   e - Venom Bolt                     Conjuration/Poison           5
Comestibles
 b - 3 chunks of flesh
 d - 7 rations


   Skills:
 + Level 2.4(2.1) Fighting
 * Level 7.4(7.0) Dodging
 + Level 9.1(8.7) Unarmed Combat
 - Level 2.0(1.6) Spellcasting
 * Level 9.5(9.1) Transmutations
 * Level 6.6(6.2) Poison Magic


You had 7 spell levels left.
You knew the following spells:

 Your Spells              Type           Power        Failure   Level  Hunger
b - Sticks to Snakes      Tmut           ####....     4%          2    ###....
c - Spider Form           Tmut/Pois      ###.......   11%         3    ####...


Dungeon Overview and Level Annotations

Branches:
Dungeon (7/15)             Temple (1/1) D:4

Altars:
Ashenzari
Dithmenos
Fedhas
Hepliaklqana
Kikubaaqudgha
Makhleb
Nemelex Xobeh
Okawaru
Qazlal
Ru
Sif Muna
Trog
Vehumet
Wu Jian
Yredelemnul
Zin
The Shining One


Message History

You closely miss the ice beast.
The ice beast is severely wounded.
* * * LOW HITPOINT WARNING * * *
You feel sick. The ice beast completely misses you.
* * * LOW HITPOINT WARNING * * *
You feel sick.
You hear a bark!
The ice beast barely misses you. The adder zombie misses you.
You climb upwards.
* * * LOW HITPOINT WARNING * * *
You feel very sick.
There is a stone staircase leading down, spattered with blood here.
You see here a dagger.
It was a potion of might.
You feel very mighty all of a sudden.
* * * LOW HITPOINT WARNING * * *
You feel sick. The ice beast hits you.
* * * LOW HITPOINT WARNING * * *
The ice beast freezes you!
You die...

###################
#.................#
#.###############.# #.#
####### #.# #.# #.....# #.#
#.# #..ยง.Y####.###### #.#
#...s...........#####
#.######...[...............#
#.......[....##.#.#####.##.#
########.##..##.#.#####..#.#
#.........##.#.#....#.#.#
#..p.....###.#.#....#...#
#........###.#.#....##..#
#........................
#####..#####.#.#....#....


You could see an ice beast and a neutral freed slave (wandering).

Vanquished Creatures
  Pikel (D:6)
  Sigmund (D:3)
  Eustachio (D:6)
  Menkaure (D:6)
  Duvessa (D:6)
  3 ice beasts
  2 ogres
  A phantom (D:6)
  2 centaurs (D:5)
  6 bullfrogs
  Dowan (D:6)
  4 killer bees (D:7)
  3 wights (D:7)
  3 crimson imps
  A bullfrog zombie (D:6)
  2 orc priests (D:3)
  A hound (D:4)
  2 iguanas (D:4)
  Natasha (D:3)
  2 worker ants
  A hound zombie (D:6)
  2 hound skeletons
  9 gnolls
  8 adders
  A shadow imp (D:3)
  5 oozes (Sewer)
  A worm (D:3)
  4 dart slugs
  19 leopard geckos
  13 orcs
  9 ball pythons
  12 giant cockroaches
  8 goblins
  8 hobgoblins
  2 jackals (D:2)
  8 kobolds
  2 quokkas
  7 bats
  10 frilled lizards
  8 rats
176 creatures vanquished.

Vanquished Creatures (others)
  A black bear (D:6)
  3 slaves (D:6)
4 creatures vanquished.

Grand Total: 180 creatures vanquished

Notes
Turn   | Place    | Note
-------+----------+-------------------------------------------
     0 | D:1      | Oravi the Merfolk Transmuter began the quest for the Orb.
     0 | D:1      | Reached XP level 1. HP: 15/15 MP: 3/3
    51 | D:1      | Found a shattered altar of Ashenzari.
   216 | D:1      | Reached XP level 2. HP: 15/21 MP: 3/5
   529 | D:1      | HP: 1/21 [kobold/short sword (4)]
  1379 | D:2      | Reached XP level 3. HP: 21/26 MP: 4/6
  1402 | D:2      | Learned a level 2 spell: Sticks to Snakes
  1406 | D:2      | Learned a level 3 spell: Spider Form
  1408 | D:2      | Found a burning altar of Makhleb.
  1641 | D:2      | Noticed a green death
  2152 | D:3      | Reached XP level 4. HP: 29/32 MP: 1/7
  2406 | D:3      | Reached skill level 1 in Poison Magic
  3110 | D:3      | Noticed Sigmund
  3121 | D:3      | Killed Sigmund
  3121 | D:3      | Reached skill level 5 in Unarmed Combat
  3121 | D:3      | Reached skill level 5 in Transmutations
  3121 | D:3      | Reached XP level 5. HP: 11/37 MP: 5/8
  3121 | D:3      | Reached XP level 6. HP: 13/43 MP: 5/9
  3618 | D:3      | Found a stormy altar of Qazlal.
  3626 | D:3      | Became a worshipper of Qazlal Stormbringer
  3652 | D:3      | Noticed Natasha
  3673 | D:3      | Killed Natasha
  3879 | D:4      | Noticed an ice beast
  3891 | D:4      | Reached XP level 7. HP: 45/48 MP: 7/10
  4005 | D:4      | Found an iron altar of Okawaru.
  4008 | D:4      | Found a bloodstained altar of Trog.
  4009 | D:4      | Found a basalt altar of Yredelemnul.
  4052 | D:4      | Found a glowing drain.
  4095 | Sewer    | Entered a sewer
  4225 | Sewer    | Reached * piety under Qazlal
  4552 | Sewer    | Reached XP level 8. HP: 50/54 MP: 7/11
  4560 | Sewer    | Reached ** piety under Qazlal
  4957 | D:4      | Found a staircase to the Ecumenical Temple.
  4970 | Temple   | Entered the Ecumenical Temple
  5236 | D:5      | Entered Level 5 of the Dungeon
  5325 | D:5      | Reached skill level 5 in Poison Magic
  5928 | D:5      | Found a glowing golden altar of the Shining One.
  6270 | D:6      | Noticed Eustachio
  6530 | D:6      | Killed Eustachio
  6530 | D:6      | Reached skill level 5 in Dodging
  6809 | D:6      | Noticed Pikel
  6817 | D:6      | Killed Pikel
  6817 | D:6      | Reached XP level 9. HP: 61/61 MP: 8/12
  7186 | D:6      | Found an iron altar of Okawaru.
  7312 | D:6      | Noticed Menkaure
  7315 | D:6      | Killed Menkaure
  7738 | D:6      | Noticed Duvessa
  7741 | D:6      | Noticed Dowan
  7752 | D:6      | Killed Duvessa
  7759 | D:6      | Killed Dowan
  8157 | D:7      | Reached *** piety under Qazlal
  8229 | D:6      | Slain by an ice beast

Skill      XL: |  1  2  3  4  5  6  7  8  9 |
---------------+----------------------------+-----
Dodging        | 3 4 6 7 |  7.4
Transmutations | 3 5 6 8 9 |  9.5
Unarmed Combat | 4 5 6 7 9 |  9.1
Poison Magic   | 3 4 6 |  6.6
Fighting       | 2 |  2.4
Spellcasting   | |  2.0

Action                   |  1- 3 |  4- 6 |  7- 9 || total
-------------------------+-------+-------+-------++-------
Melee: Unarmed           |   102 |   104 |   379 ||   585
       Headbutt          |    12 |       |       ||    12
       Punch             |     2 |       |       ||     2
 Cast: Beastly Appendage |    14 |     3 |       ||    17
       Spider Form       |     7 |    20 |    43 ||    70
       Sticks to Snakes  |       |       |     4 ||     4
  Use: Scroll            |     6 |     3 |     9 ||    18
       Potion            |       |     2 |     6 ||     8
 Stab: Sleeping          |       |       |     1 ||     1
  Eat: Chunk             |     5 |     5 |    11 ||    21
       Ration            |       |     1 |     3 ||     4
Armor: Robe              |    15 |     6 |     4 ||    25
       Skin              |     3 |     3 |    12 ||    18
Dodge: Dodged            |    65 |    93 |   367 ||   525
Block: Other             |       |       |    31 ||    31
